 Dungeon Crawl Stone Soup version 0.30-a0-1053-gbd8d5ba0ad (webtiles) character file.

Game seed: 4156303512967187677

154 retardedninja the Trooper (level 5, -4/50 HPs)
             Began as a Naga Fighter on Apr 11, 2023.
             Slain by a kobold brigand
             ... wielding a +1 dagger of speed
              (6 damage)
             ... on level 3 of the Dungeon.
             The game lasted 00:03:53 (3509 turns).

retardedninja the Trooper (Naga Fighter)            Turns: 3509, Time: 00:03:54

Health: -4/50      AC:  9    Str: 20    XL:     5   Next: 36%
Magic:  5/5        EV:  3    Int:  9    God:
Gold:   111        SH:  5    Dex: 16    Spells: 4/4 levels left

rFire   . . .      SeeInvis +    a - +0 war axe
rCold   . . .      Faith    .    c - +0 buckler
rNeg    . . .      Spirit   .    t - +0 plate armour
rPois   +          Reflect  .    r - +0 hat
rElec   .          Rampage  .    m - +0 cloak
rCorr   .                        (no gloves)
Will    .....                    (no barding) Stlth
                                 (no amulet)
HPRegen 0.28/turn                s - +6 ring of dexterity
MPRegen 0.09/turn                (no ring)

@: very slow
A: AC +1, large, see invisible, deformed body, poison resistance, slowness 2,
spit poison 1, naga tail 1
a: Spit Poison


You were on level 3 of the Dungeon.
You visited 1 branch of the dungeon, and saw 3 of its levels.

You collected 111 gold pieces.

Inventory:

Hand Weapons
 a - a +0 war axe (weapon)
Armour
 c - a +0 buckler (worn)
 m - a +0 cloak (worn)
 r - a +0 hat (worn)
 t - a +0 plate armour (worn)
Jewellery
 s - a +6 ring of dexterity (left hand)
Scrolls
 e - 2 scrolls of identify {unknown}
 h - 2 scrolls of teleportation {unknown}
 i - a scroll of blinking {unknown}
 j - a scroll of magic mapping {unknown}
 n - a scroll of fear {unknown}
 p - a scroll of vulnerability {unknown}
 q - a scroll of torment {unknown}
 v - a scroll of immolation {unknown}
Potions
 b - a potion of lignification {unknown}
 d - a potion of might
 f - 2 potions of flight {unknown}
 g - a potion of curing {unknown}
 k - 2 potions of degeneration {unknown}
 l - a potion of ambrosia
 o - 2 potions of heal wounds {unknown}
 u - a potion of magic {unknown}


   Skills:
 + Level 3.9 Fighting
 + Level 3.1 Axes
 + Level 3.2 Armour
 + Level 3.5 Shields


You had 4 spell levels left.
You didn't know any spells.
Your spell library contained the following spells:

 Spells                   Type           Power      Damage    Failure   Level
 Ensorcelled Hibernation  Hex/Ice        0%         N/A       100%        2
 Passwall                 Tmut/Erth      0%         N/A       100%        2
 Swiftness                Air            0%         N/A       100%        3


Dungeon Overview and Level Annotations

Branches:
Dungeon (3/15)

Altars:
Fedhas
Zin


Innate Abilities, Weirdness & Mutations

Your serpentine skin is tough. (AC +1)
You have supernaturally acute eyesight. (SInv)
Armour fits poorly on your strangely shaped body.
Your system is resistant to poisons. (rPois)
You cover ground very slowly.
You can spit poison.
You have a snake-like lower body.


Message History

Unknown command.
The kobold brigand hits you with a +1 dagger of speed.
* * * LOW HITPOINT WARNING * * *
The kobold brigand hits you with a +1 dagger of speed.
* * * LOW HITPOINT WARNING * * *
Things that are here:
a +0 dagger; a kobold corpse Unknown command.
You're too confused to move!
The kobold brigand barely misses you.
You're too confused to move!
The kobold brigand barely misses you.
The kobold brigand hits you but does no damage.
Unknown command.
Unknown command.
You closely miss the kobold brigand.
The kobold brigand is severely wounded.
You feel less invigorated.
You feel less confused.
The kobold brigand hits you but does no damage. x2
You hit the kobold brigand.
The kobold brigand is severely wounded.
The kobold brigand completely misses you.
The kobold brigand hits you with a +1 dagger of speed!
Unknown command.
Unknown command.
You hit the kobold brigand.
The kobold brigand is almost dead.
The kobold brigand hits you with a +1 dagger of speed. x2
* * * LOW HITPOINT WARNING * * *
Unknown command.
You hit the kobold brigand.
The kobold brigand is almost dead.
You block the kobold brigand's attack.
The kobold brigand hits you with a +1 dagger of speed.
* * * LOW HITPOINT WARNING * * *
You closely miss the kobold brigand.
The kobold brigand is almost dead.
The kobold brigand hits you with a +1 dagger of speed.
* * * LOW HITPOINT WARNING * * *
The kobold brigand hits you with a +1 dagger of speed.
You die...

#.##.# .. ########.#
#.##.# ≈##.. #.#
###.##)###~~~#..# #.#
#..........~~#..# #.#
#......###.#~#..# #..
#........#.#~#..# #..
#...........##..# # ##.
###.##......#))# ~# ##
#........##@K#~~#
#####.####..##≈~## #..#
#..#≈~~~# #..# #..#≈≈~~#
#..###..#≈~~~#
#####...##..##~~## #
#.......###..#~~# #
...........#..# ##### #
...........#).###...######
#


You could see a kobold brigand.

Vanquished Creatures
  An iguana (D:3)
  A gnoll (D:1)
  2 adders (D:2)
  2 worms (D:2)
  4 dart slugs
  4 orcs (D:3)
  3 ball pythons
  5 endoplasms
  3 giant cockroaches (D:2)
  5 goblins
  7 hobgoblins
  5 jackals (D:2)
  3 quokkas
  9 bats
  A frilled lizard (D:3)
  15 kobolds
  5 rats
75 creatures vanquished.

Vanquished Creatures (others)
  A fungus (D:3)
  4 plants (D:3)
5 creatures vanquished.

Grand Total: 80 creatures vanquished

Notes
Turn   | Place    | Note
-------+----------+-------------------------------------------
     0 | D:1      | retardedninja the Naga Fighter began the quest for the Orb.
     0 | D:1      | Reached XP level 1. HP: 21/21 MP: 1/1
   197 | D:1      | Reached XP level 2. HP: 25/28 MP: 2/2
   554 | D:1      | You fall into a shaft and drop 1 floor!
   583 | D:2      | Reached XP level 3. HP: 26/34 MP: 3/3
   945 | D:1      | Reached XP level 4. HP: 10/42 MP: 4/4
  2535 | D:3      | Found a faded altar of an unknown god.
  2597 | D:3      | Reached XP level 5. HP: 28/50 MP: 5/5
  2782 | D:3      | Found a blossoming altar of Fedhas.
  3281 | D:3      | Found a glowing silver altar of Zin.
  3481 | D:3      | Noticed a kobold brigand
  3498 | D:3      | HP: 2/50 [kobold brigand/+1 dagger of speed (2)]
  3509 | D:3      | HP: 2/50 [kobold brigand/+1 dagger of speed (4)]
  3509 | D:3      | Slain by a kobold brigand

Illustrated notes

Levels and vault maps discovered:
D:1:      eino_arrival_tree_alley, layout_basic
D:2:      minmay_door_path, layout_loops_ring
D:3:      cheibrodos_thug_alley, layout_basic, fedhas_altar_3, zin_statuary,
          shapermc_ecumenical_altar_mp_urbaneastern

Skill      XL: |  1  2  3  4 |
---------------+-------------+-----
Shields        | 3 |  3.5
Armour         | 3 |  3.2
Axes           | 3 |  3.1
Fighting       | |  3.9

Action                     |  1- 3 |  4- 6 || total
---------------------------+-------+-------++-------
  Melee: War axe           |    92 |   157 ||   249
    Use: Potion            |       |     1 ||     1
 Armour: Scale mail        |    48 |    53 ||   101
         Plate armour      |       |    40 ||    40
  Dodge: Dodged            |    44 |    52 ||    96
  Block: Buckler           |    26 |    42 ||    68

Table legend: (Time is in decaauts)
 A = Elapsed time spent in this place.
 B = Non-inter-level travel time spent in this place.
 C = Inter-level travel time spent in this place.
 D = Time resting spent in this place.
 E = Time spent auto-exploring this place.
 F = Levels seen in this place.
 G = Mean time per level.
                   A        B        C        D        E       F      G
               +--------+--------+--------+--------+--------+-----+--------+
         Total |   4455 |   4394 |     61 |    715 |   2971 |   3 | 1485.0 |
       Dungeon |   4455 |   4394 |     61 |    715 |   2971 |   3 | 1485.0 |
               +--------+--------+--------+--------+--------+-----+--------+

Top non-repeatable levels by time:
     D:3: 1702 daAuts
     D:2: 1495 daAuts
     D:1: 1257 daAuts
